 Dungeon Crawl Stone Soup version 0.28-a0-796-gd4f0d3f9b2 (webtiles) character file.

Game seed: 16439255310242790095

85 Decritt the Gusty (level 4, 0/24 HPs)
             Began as a Tengu Air Elementalist on Nov 6, 2021.
             Killed by nerve-wracking pain
             ... invoked by Jessica
              (3 damage)
             ... on level 3 of the Dungeon.
             The game lasted 00:06:47 (2227 turns).

Decritt the Gusty (Tengu Air Elementalist)          Turns: 2227, Time: 00:06:48

Health: 0/24       AC:  2    Str:  8    XL:     4   Next: 48%
Magic:  8/8        EV: 12    Int: 17    God:
Gold:   76         SH:  0    Dex: 14    Spells: 6/7 levels left

rFire   . . .      SeeInvis .   j - +1 hunting sling
rCold   . . .      Faith    .   (no shield)
rNeg    . . .      Spirit   .   a - +0 robe
rPois   .          Reflect  .   (helmet restricted)
rElec   .          Harm     .   (no cloak)
rCorr   .          Rampage  .   (no gloves)
Will    .....                   (boots unavailable)
Stlth   ++........              (no amulet)
HPRegen 0.08/turn               (no ring)
MPRegen 0.11/turn               (no ring)

@: slowed, very slow
A: beak, talons 3
a: no special abilities


You were on level 3 of the Dungeon.
You visited 1 branch of the dungeon, and saw 3 of its levels.

You collected 76 gold pieces.

Inventory:

Hand Weapons
 d - a +0 dagger
 j - a +1 hunting sling (weapon)
Missiles
 k - 21 stones (quivered ammo)
Armour
 a - a +0 robe (worn)
Scrolls
 b - a scroll of holy word {unknown}
 e - a scroll of teleportation {unknown}
 g - 4 scrolls of enchant weapon
 m - a scroll of blinking {unknown}
 o - a scroll of immolation {unknown}
Potions
 c - 3 potions of magic
 h - a potion of heal wounds {unknown}
 l - a potion of berserk rage
 n - a potion of resistance {unknown}
 p - a potion of brilliance


   Skills:
 + Level 0.4 Fighting
 - Level 2.1 Dodging
 - Level 2.0 Stealth
 - Level 2.0 Spellcasting
 - Level 3.0 Conjurations
 * Level 6.1 Air Magic


You had 6 spell levels left.
You knew the following spells:

 Your Spells              Type           Power      Damage    Failure   Level
a - Shock                 Conj/Air       68%        1d7       3%          1

Your spell library contained the following spells:

 Spells                   Type           Power      Damage    Failure   Level
 Static Discharge         Conj/Air       17%        N/A       4%          2
 Swiftness                Air            22%        N/A       4%          3
 Poisonous Vapours        Pois/Air       24%        N/A       9%          2
 Airstrike                Air            11%        N/A       16%         4
 Sting                    Tmut/Pois      4%         1d3       19%         1
 Olgreb's Toxic Radiance  Pois           1%         N/A       88%         4


Dungeon Overview and Level Annotations

Branches:
Dungeon (3/15)

Altars:

Annotations:
D:3 Jessica


Innate Abilities, Weirdness & Mutations

You have a beak for a mouth.
You have claws for feet.


Message History

Casting: Shock (safe; 3% risk of failure)
Confirm with . or Enter, or press ? or * to list all spells.
Aiming: Shock (safe; 3% risk of failure)
Press: ? - help, Shift-Dir - straight line, f/p - adder
Aim: an adder (heavily wounded, 53% to hit)
The zap hits the adder.
The adder is severely wounded.
You feel sick. The adder bites you.
Casting: Shock (safe; 3% risk of failure)
Confirm with . or Enter, or press ? or * to list all spells.
Aiming: Shock (safe; 3% risk of failure)
Press: ? - help, Shift-Dir - straight line, f/p - adder
Aim: an adder (severely wounded, 53% to hit)
The zap hits the adder.
You kill the adder!
You feel sick.
Your Air Magic skill increases to level 6!
You feel sick.
A goblin comes into view. It is wielding a +0 dagger.
You feel sick.
You are no longer poisoned.
Jessica drinks a potion.
Jessica's spells are empowered!
Jessica points at you and mumbles some strange words.
You feel yourself slow down. Jessica gestures at you while chanting.
You barely resist.
Jessica points at you and mumbles some strange words.
You barely resist. Jessica gestures at you while chanting.
Pain shoots through your body!
* * * LOW HITPOINT WARNING * * *
Okay, then.
Okay, then.
Jessica mumbles some strange words.
Jessica seems to speed up.
Jessica very coldly says, "I hate your company."
Jessica casts a spell at you. Pain shoots through your body!
You die...

#..#####.#####.####...#
...#
#.....).............##...#
##.###.#..###.###.........
###.##.#..# #.# #.....#...
#.#.#..#.#..# #.#
#####.#### .#
#.⌠.#.#.#.@###.# #.....
#.#.#.#..#@#....#.# ######
. #.###...#.#..#.#.# g#
♣.###....#.@#.#.# (.#
#.##.##.#..# # #.#
#.#.#....#.## 8(#
#@⌠.#...#. #.#.#.#....#. .
##.####.##.#. #.
#.⌠.##.###.#. #.##.##.##
#.#. ###..#..#####.#


You could see Jessica (fast).

Vanquished Creatures
  3 adders
  2 dart slugs
  3 ball pythons
  5 endoplasms
  4 giant cockroaches
  7 goblins
  7 hobgoblins
  2 jackals (D:1)
  2 quokkas
  2 bats (D:2)
  3 frilled lizards
  2 kobolds
  6 rats
48 creatures vanquished.

Notes
Turn   | Place    | Note
-------+----------+-------------------------------------------
     0 | D:1      | Decritt the Tengu Air Elementalist began the quest for the
                  | Orb.
     0 | D:1      | Reached XP level 1. HP: 10/10 MP: 4/4
   150 | D:1      | Reached XP level 2. HP: 14/15 MP: 3/6
   632 | D:1      | Reached skill level 5 in Air Magic
   794 | D:1      | Reached XP level 3. HP: 19/19 MP: 4/7
   830 | D:1      | Found a faded altar of an unknown god.
  1436 | D:2      | Reached XP level 4. HP: 15/24 MP: 5/8
  2197 | D:3      | Noticed Jessica
  2202 | D:3      | Reached skill level 6 in Air Magic
  2227 | D:3      | Killed from afar by Jessica

Illustrated notes

Levels and vault maps discovered:
D:1:      dpeg_arrival_stone_temple_mockup, layout_basic,
          shapermc_ecumenical_altar_mp_vishouse, minmay_hexomino_f4
D:2:      layout_rooms
D:3:      layout_basic, chequers_jeans, grunt_decor_mini_mirrors, uniq_jessica

Skill      XL: |  1  2  3  4 |
---------------+-------------+-----
Conjurations   | 2 3 |  3.0
Air Magic      | 5 6 |  6.1
Fighting       | |  0.4
Dodging        | |  2.1
Stealth        | |  2.0
Spellcasting   | |  2.0

Action                   |  1- 3 |  4- 6 || total
-------------------------+-------+-------++-------
Melee: Dagger            |    10 |       ||    10
       Kick              |     3 |       ||     3
       Peck              |     1 |       ||     1
 Fire: Hunting sling     |    29 |    38 ||    67
 Cast: Shock             |    51 |    10 ||    61
  Use: Scroll            |       |     5 ||     5
Armor: Robe              |     3 |     5 ||     8
Dodge: Dodged            |    23 |     5 ||    28

Table legend: (Time is in decaauts)
 A = Elapsed time spent in this place.
 B = Non-inter-level travel time spent in this place.
 C = Inter-level travel time spent in this place.
 D = Time resting spent in this place.
 E = Time spent auto-exploring this place.
 F = Levels seen in this place.
 G = Mean time per level.
                   A        B        C        D        E       F      G
               +--------+--------+--------+--------+--------+-----+--------+
         Total |   2246 |   2226 |     20 |    370 |   1534 |   3 |  748.7 |
       Dungeon |   2246 |   2226 |     20 |    370 |   1534 |   3 |  748.7 |
               +--------+--------+--------+--------+--------+-----+--------+

Top non-repeatable levels by time:
     D:1: 1137 daAuts
     D:2: 799 daAuts
     D:3: 309 daAuts
